 Dungeon Crawl Stone Soup version 0.19.5 (webtiles) character file.

8374 Lizzreth the Fighter (level 11, -4/110 HPs)
             Began as a Troll Monk on Mar 16, 2017.
             Slain by a hippogriff (9 damage)
             ... on level 10 of the Dungeon.
             The game lasted 00:44:20 (8033 turns).

Lizzreth the Fighter (Troll Monk)                   Turns: 8033, Time: 00:44:21

Health: -4/110     AC:  5    Str: 24    XL:     11   Next: 9%
Magic:  10/10      EV: 10    Int:  6    God:
Gold:   366        SH:  0    Dex: 12    Spells: 0 memorised, 10 levels left

rFire  . . .     SeeInvis .       - Unarmed
rCold  . . .     Gourm    +     a - +0 robe
rNeg   . . .     Faith    .     (no shield)
rPois  +         Spirit   .     (helmet restricted)
rElec  .         Reflect  .     D - +0 cloak
rCorr  .         Harm     .     (gloves unavailable)
MR     .....                    (boots unavailable)
Stlth  ++........               o - amulet of inaccuracy
                                m - +3 ring of slaying
                                j - ring of poison resistance

@: no status effects
A: unfitting armour, claws 3, deformed body, fast metabolism 3, frail 1,
gourmand, regeneration 1, shaggy fur 1, tough skin 2
a: no special abilities


You were on level 10 of the Dungeon.
You were full.

You visited 2 branches of the dungeon, and saw 11 of its levels.

You collected 366 gold pieces.

Inventory:

Hand Weapons
 x - the +4 Vampire's Tooth {vamp}
   (You found it on level 5 of the Dungeon)

   It inflicts no extra harm, but heals its wielder when it wounds a living foe.
Armour
 a - a +0 robe (worn)
 D - a +0 cloak (worn)
Jewellery
 h - a +1 ring of evasion
 j - a ring of poison resistance (left claw)
 m - a +3 ring of slaying (right claw)
 n - a +5 ring of intelligence
 o - an amulet of inaccuracy (around neck)
Wands
 q - a wand of flame (20/48)
 u - a wand of random effects (25/48)
 y - a wand of flame (13/48)
 z - a wand of slowing (15/48)
 L - a wand of teleportation (4/9)
 N - a wand of polymorph (18/24)
Scrolls
 c - 4 scrolls of recharging
 e - 5 scrolls of teleportation
 f - 7 scrolls of identify
 s - a scroll of acquirement
 t - a scroll of torment {unknown}
 v - 2 scrolls of amnesia
 w - 2 scrolls of magic mapping
 F - a scroll of vulnerability {unknown}
 H - a scroll of enchant armour {unknown}
 I - a scroll of enchant weapon {unknown}
 J - a scroll of fear {unknown}
Potions
 d - a potion of berserk rage
 k - a potion of magic {unknown}
 l - a potion of cure mutation {unknown}
 r - a potion of invisibility {unknown}
 B - 2 potions of flight {unknown}
 C - a potion of beneficial mutation {unknown}
 G - 2 potions of lignification {unknown}
 K - a potion of curing
Books
 p - a book of Misfortune

   Spells                             Type                      Level
   a - Confusing Touch                Hexes                        1
   b - Confuse                        Hexes                        3
   c - Gell's Gravitas                Hexes/Translocation          3
   d - Petrify                        Transmutation/Earth          4
   e - Metabolic Englaciation         Hexes/Ice                    5
   f - Yara's Violent Unravelling     Hexes/Transmutation          5
Comestibles
 b - 3 bread rations
 g - 3 meat rations
 i - 5 slices of pizza
 A - a beef jerky
 M - a fruit


   Skills:
 + Level 12.1 Fighting
 - Level 2.4 Dodging
 - Level 1.0 Stealth
 - Level 10.1 Unarmed Combat


You had 10 spell levels left.
You didn't know any spells.

Dungeon Overview and Level Annotations

Branches:
Dungeon (10/15)            Temple (1/1) D:4
   Lair: D:8-11         Orc: D:9-12

Altars:
Ashenzari
Cheibriados
Dithmenos
Elyvilon
Fedhas
Gozag
Hepliaklqana
Kikubaaqudgha
Makhleb
Nemelex Xobeh
Okawaru
Qazlal
Ru
Sif Muna
Trog
Uskayaw
Vehumet
Xom
Yredelemnul
Zin

Shops:
D:4 (   D:10 (


Innate Abilities, Weirdness & Mutations

You are too large for most types of armour.
You have claws for hands.
Your metabolism is lightning-fast.
You like to eat raw meat.
Your natural rate of healing is unusually fast.
You are covered in fur. (AC +1)
You have very tough skin. (AC +2)
Armour fits poorly on your strangely shaped body.
You are frail. (-10% HP)


Message History

The merfolk is almost dead.
The merfolk hits you with a trident!
* * * LOW HITPOINT WARNING * * *
The hippogriff bites you.
* * * LOW HITPOINT WARNING * * *
The hippogriff pecks you.
* * * LOW HITPOINT WARNING * * *
The hippogriff claws you but does no damage.
The rat completely misses you. The rat bites you.
* * * LOW HITPOINT WARNING * * *
The crimson imp blinks!
The deep elf mage casts a spell.
The deep elf mage blinks!
As you read the scroll labeled XAOPHU UHIR, it crumbles to dust.
This is a scroll of acquirement! [a] Weapon [b] Armour [c] Jewellery [d] Book [e] Staff [f] Wand [g] Misc.
Evocable [h] Food [i] Gold What kind of item would you like to acquire? (\ to view known items)
Something appears at your feet! The hippogriff bites you!
You die...

...#..........#
......5.........
................
#.................#
#.............8.8..
#............8..8..
#......m.....88.8%.
#.....§H@..........
.......rr..........
.......(.e.).......
...§.r......†....#
...§§§§§§......###
....P§§§§....#...#
..§§§§§..........#
..§§§§§§.........#
....P§P§.........#


You could see a merfolk, a hippogriff, a deep elf mage, a crimson imp and 3
rats.

Vanquished Creatures
  Erica (D:10)
  Pikel (D:7)
  2 hill giants (D:10)
  The ghost of Nelagord the Shield-Bearer, an amateur HaFi (D:4)
  2 hippogriffs (D:8)
  A spriggan (D:10)
  8 yaks (D:9)
  A steam dragon (D:10)
  A water moccasin (D:9)
  Duvessa (D:7)
  An ice beast (D:5)
  2 sky beasts
  2 slaves (D:7)
  3 orc warriors
  A black bear (D:8)
  3 necrophages
  3 ogres
  4 phantoms
  2 centaurs
  2 crocodiles
  2 big kobolds
  2 bullfrogs
  Dowan (D:7)
  A wyvern skeleton (D:7)
  2 scorpions
  A water moccasin zombie (D:10)
  2 vampire bats (D:5)
  8 wights
  3 howler monkeys
  2 crimson imps (D:7)
  2 bullfrog zombies
  2 centaur zombies
  3 hounds
  2 quasits
  2 orc wizards
  5 orc priests
  Crazy Yiuf (D:7)
  A bullfrog skeleton (D:9)
  A centaur skeleton (D:8)
  Terence (D:3)
  4 iguanas
  Natasha (D:3)
  6 worker ants
  A killer bee zombie (D:10)
  A hound zombie (D:6)
  A worker ant zombie (D:10)
  2 howler monkey zombies
  Robin (D:4)
  14 gnolls
  3 howler monkey skeletons
  A river rat (D:10)
  2 adders
  A shadow imp (D:5)
  An ooze (D:2)
  4 adder zombies
  2 adder skeletons
  3 worms
  2 dart slugs (D:2)
  6 leopard geckos
  18 orcs
  19 bats
  2 giant cockroaches
  14 goblins
  7 hobgoblins
  4 jackals (D:1)
  2 quokkas
  2 ball pythons (D:1)
  4 frilled lizards
  19 kobolds
  3 quokka skeletons
  7 rats
243 creatures vanquished.

Vanquished Creatures (others)
  A quokka (D:2)
  7 fungi (D:10)
  A plant (D:10)
9 creatures vanquished.

Grand Total: 252 creatures vanquished

Notes
Turn   | Place    | Note
-------+----------+-------------------------------------------
     0 | D:1      | Lizzreth the Troll Monk began the quest for the Orb.
     0 | D:1      | Reached XP level 1. HP: 22/22 MP: 0/0
    69 | D:1      | Reached XP level 2. HP: 14/29 MP: 1/1
   310 | D:1      | Reached XP level 3. HP: 36/36 MP: 2/2
   897 | D:2      | Found a white marble altar of Elyvilon.
  1393 | D:3      | Noticed Terence
  1400 | D:3      | Killed Terence
  1400 | D:3      | Reached skill level 5 in Unarmed Combat
  1400 | D:3      | Reached XP level 4. HP: 33/44 MP: 3/3
  1687 | D:3      | Noticed Natasha
  1692 | D:3      | Killed Natasha
  1956 | D:4      | Reached XP level 5. HP: 35/50 MP: 4/4
  1967 | D:4      | Noticed Nelagord's ghost (amateur HaFi)
  2061 | D:4      | Found an iron altar of Okawaru.
  2093 | D:4      | Killed Nelagord's ghost
  2093 | D:4      | Reached XP level 6. HP: 35/59 MP: 5/5
  2155 | D:4      | Found a staircase to the Ecumenical Temple.
  2174 | Temple   | Entered the Ecumenical Temple
  2446 | D:4      | Reached XP level 7. HP: 50/66 MP: 6/6
  2572 | D:4      | Noticed Robin
  2638 | D:4      | Killed Robin
  2777 | D:4      | Found Arhod's Weapon Shop.
  3336 | D:5      | Entered Level 5 of the Dungeon
  3711 | D:5      | Reached XP level 8. HP: 46/74 MP: 7/7
  4058 | D:5      | Reached skill level 10 in Unarmed Combat
  4442 | D:6      | Reached skill level 3 in Fighting
  4513 | D:6      | Reached skill level 4 in Fighting
  4546 | D:6      | Reached skill level 5 in Fighting
  4844 | D:6      | Found a radiant altar of Vehumet.
  5025 | D:6      | Reached skill level 6 in Fighting
  5120 | D:7      | Reached XP level 9. HP: 83/89 MP: 8/8
  5167 | D:7      | Noticed Duvessa
  5171 | D:7      | Noticed Dowan
  5172 | D:7      | Killed Duvessa
  5178 | D:7      | Killed Dowan
  5276 | D:7      | Found a runed door.
  5280 | D:7      | Noticed Crazy Yiuf
  5286 | D:7      | Killed Crazy Yiuf
  5480 | D:7      | Reached skill level 7 in Fighting
  5498 | D:7      | Gained mutation: Armour fits poorly on your strangely shaped body. [mutagenic meat]
  5500 | D:7      | Gained mutation: You are frail. (-10% HP) [mutagenic meat]
  5503 | D:7      | Noticed Pikel
  5521 | D:7      | Killed Pikel
  5521 | D:7      | Reached skill level 8 in Fighting
  5803 | D:7      | Found a white marble altar of Elyvilon.
  6097 | D:8      | Reached skill level 9 in Fighting
  6524 | D:8      | Reached XP level 10. HP: 49/96 MP: 9/9
  6856 | D:9      | Reached skill level 10 in Fighting
  7313 | D:10     | Entered Level 10 of the Dungeon
  7313 | D:10     | Found Coiqoqar's Weapon Shop.
  7549 | D:10     | Reached skill level 11 in Fighting
  7625 | D:10     | Noticed Erica
  7824 | D:10     | Killed Erica
  7884 | D:10     | Noticed a hill giant
  7901 | D:10     | Killed a hill giant
  7966 | D:10     | Reached XP level 11. HP: 64/108 MP: 10/10
  7997 | D:10     | Noticed a hill giant
  8007 | D:10     | Killed a hill giant
  8007 | D:10     | Reached skill level 12 in Fighting
  8018 | D:10     | Noticed a deep elf mage
  8032 | D:10     | HP: 5/110 [rat (2)]
  8033 | D:10     | Identified 2 scrolls of acquirement
  8033 | D:10     | Slain by a hippogriff

Skill      XL: |  1  2  3  4  5  6  7  8  9 10 11 |
---------------+----------------------------------+-----
Unarmed Combat | 4 5 7 8 9 10 | 10.1
Fighting       | 6 9 11 12 | 12.1
Dodging        | |  2.4
Stealth        | |  1.0

Action                   |  1- 3 |  4- 6 |  7- 9 | 10-12 || total
-------------------------+-------+-------+-------+-------++-------
Melee: Unarmed           |   101 |    58 |   378 |   192 ||   729
       Punch             |     3 |     3 |    23 |    14 ||    43
  Use: Potion            |     1 |       |     1 |     3 ||     5
       Scroll            |       |     4 |     2 |     1 ||     7
 Stab: Sleeping          |     4 |     1 |     3 |     1 ||     9
  Eat: Chunk             |     7 |    11 |    34 |    13 ||    65
       Bread ration      |     1 |       |     2 |       ||     3
Armor: Robe              |    57 |     8 |   116 |    56 ||   237
Dodge: Dodged            |    62 |    31 |   217 |   127 ||   437
